 Dungeon Crawl Stone Soup version 0.22.1-2-g9c5b331383 (webtiles) character file.

184 Ivernyr the Sneak (level 5, -9/21 HPs)
             Began as a Felid Enchanter on Nov 25, 2018.
             Killed by divine providence
             ... invoked by an orc priest
              (12 damage)
             ... on level 4 of the Dungeon.
             The game lasted 00:11:20 (3733 turns).

Ivernyr the Sneak (Felid Enchanter)                 Turns: 3733, Time: 00:11:21

Health: -9/21      AC:  2    Str:  4    XL:     5   Next: 36%
Magic:  6/10       EV: 20    Int: 19    God:
Gold:   117        SH:  0    Dex: 16    Spells: 4/10 levels left
                                        Lives:  0   Deaths: 1

rFire    . . .     SeeInvis +     - Unarmed
rCold    . . .     Gourm    .   (shield unavailable)
rNeg     . . .     Faith    .   (armour unavailable)
rPois    .         Spirit   .   (helmet unavailable)
rElec    .         Reflect  .   (cloak unavailable)
rCorr    .         Harm     .   (gloves unavailable)
MR       .....                  (boots unavailable)
Stlth    ++++......             (no amulet)
HPRegen  0.07/turn              (no ring)
MPRegen  0.12/turn              (no ring)

@: quick
A: very small, no armour, no weapons or thrown items, stealth, claws 1, fangs 3,
see invisible, carnivore, speed 1, shaggy fur 2, slow metabolism 1, sharp paws
a: no special abilities


You were on level 4 of the Dungeon.
You were not hungry.

You visited 1 branch of the dungeon, and saw 4 of its levels.

You collected 117 gold pieces.

Inventory:

Wands
 m - a wand of acid (6)
Scrolls
 a - 3 scrolls of identify
 c - 2 scrolls of fear
 d - 3 scrolls of teleportation
 e - 2 scrolls of random uselessness
 f - 2 scrolls of remove curse
 h - a scroll of immolation {unknown}
 n - a scroll of noise {unknown}
 p - 3 scrolls of enchant weapon {unknown}
Potions
 g - a potion of invisibility {unknown}
 i - a potion of might {unknown}
 j - 2 potions of ambrosia {unknown}
 k - a potion of agility {unknown}
Comestibles
 b - 8 rations


   Skills:
 + Level 4.6 Dodging
 * Level 7.1 Stealth
 - Level 1.0 Unarmed Combat
 + Level 3.2 Spellcasting
 + Level 5.9 Hexes


You had 4 spell levels left.
You knew the following spells:

 Your Spells              Type           Power        Failure   Level  Hunger
a - Corona                Hex            ####...      1%          1    None
b - Ensorcelled Hibernat  Hex/Ice        ##....       7%          2    ##.....
c - Confuse               Hex            ####....     3%          3    ###....

Your spell library contained the following spells:

 Spells                   Type           Power        Failure   Level  Hunger
 Tukima's Dance           Hex            ####....     3%          3    ###....
 Dazzling Spray           Conj/Hex       ##....       13%         3    ###....
 Beastly Appendage        Tmut           #.....       16%         1    None
 Sticks to Snakes         Tmut           #.......     22%         2    ##.....
 Spider Form              Tmut/Pois      #.........   41%         3    ###....
 Ice Form                 Ice/Tmut       #.......     83%         4    ####...
 Blade Hands              Tmut           #.........   99%         5    ######.


Dungeon Overview and Level Annotations

Branches:
Dungeon (4/15)
 Temple: D:4-7

Altars:
Ru


Innate Abilities, Weirdness & Mutations

You cannot wear armour.
You are incapable of wielding weapons or throwing items.
Your paws allow you to move quietly. (Stealth)
You have sharp claws.
You have razor-sharp teeth.
You have supernaturally acute eyesight. (SInv)
You are carnivorous and can eat meat at any time.
You cover ground quickly.
You are covered in thick fur. (AC +2)
You have a slow metabolism.
Your sharp claws are effective at attacking unaware monsters.


Message History

Aim: an orc priest, wielding a flail (lightly wounded, chance to defeat MR: The orc priest resists with some effort.
The orc priest barely misses you.
Casting: Ensorcelled Hibernation (safe; 7% risk of failure)
Confirm with . or Enter, or press ? or * to list all spells.
Aiming: Ensorcelled Hibernation (safe; 7% risk of failure)
Press: ? - help, Shift-Dir - straight line, f/p - orc priest
Aim: an orc priest, wielding a flail (lightly wounded, chance to defeat MR: The orc priest looks drowsy...
The orc priest looks braver for a moment.
The helpless orc priest fails to defend itself.
You mangle the orc priest!!
You kill the orc priest!
You barely miss the orc. The orc hits you with a war axe.
You barely miss the orc. The orc hits you with a war axe.
* * * LOW HITPOINT WARNING * * *
The orc priest mumbles some strange prayers to Beogh against you.
Beogh smites you!
Ouch! That really hurt!
You die...

#.# #.##.#. #.#######.##...
##...........).#
#.....######)... .
######...#.##.<...)..
....######..................#.
.....oo..†..###.#.#.##.###.##.
......####..###.....##.# #.##.
#.#.#...)..oo@.........# #.##.
.. ######.#####...##### #.###
# #.# ##.## #.# # #.#
#.########.# # #.#
#..........### #.#
#.##.......... #.#
#.############ .# #.# #.#


You could see an orc priest and an orc.

Vanquished Creatures
  An ogre (D:4)
  An orc priest (D:4)
  An iguana (D:4)
  Jessica (D:3)
  An orc wizard (D:4)
  4 gnolls
  7 adders
  An ooze (D:4)
  A worm (D:2)
  A dart slug (D:2)
  2 leopard geckos (D:2)
  An orc (D:4)
  5 giant cockroaches
  3 goblins
  7 hobgoblins
  3 kobolds
  A quokka (D:4)
  A ball python (D:3)
  2 bats (D:2)
  4 frilled lizards
  3 rats
51 creatures vanquished.

Vanquished Creatures (others)
  A kobold (D:2)
1 creature vanquished.

Grand Total: 52 creatures vanquished

Notes
Turn   | Place    | Note
-------+----------+-------------------------------------------
     0 | D:1      | Ivernyr the Felid Enchanter began the quest for the Orb.
     0 | D:1      | Reached XP level 1. HP: 7/7 MP: 4/4
   737 | D:1      | Reached XP level 2. HP: 11/11 MP: 6/6
   741 | D:1      | Learned a level 2 spell: Ensorcelled Hibernation
  1484 | D:1      | Reached XP level 3. HP: 8/14 MP: 0/7
  1620 | D:1      | Learned a level 3 spell: Confuse
  1638 | D:2      | Reached skill level 5 in Stealth
  1808 | D:2      | Reached skill level 5 in Hexes
  2223 | D:3      | Reached XP level 4. HP: 18/18 MP: 8/8
  2459 | D:3      | Found a sacrificial altar of Ru.
  2800 | D:3      | Noticed Jessica
  2807 | D:3      | Killed Jessica
  2914 | D:4      | Noticed an ogre
  2926 | D:4      | Killed an ogre
  2926 | D:4      | Reached skill level 6 in Stealth
  2926 | D:4      | Reached XP level 5. HP: 21/21 MP: 1/10
  3043 | D:4      | HP: 1/21 [gnoll/spear (8)]
  3497 | D:4      | Gained mutation: You are covered in thick fur. (AC +2)
                  | [Felid growth]
  3497 | D:4      | Reached XP level 6. HP: 11/24 MP: 0/11
  3710 | D:4      | Reached skill level 7 in Stealth
  3716 | D:4      | Killed from afar by an orc priest
  3717 | D:4      | Reached XP level 5. HP: -4/21 MP: 10/10
  3733 | D:4      | Killed from afar by an orc priest

Skill      XL: |  1  2  3  4  5  6 |
---------------+-------------------+-----
Dodging        | 3 4 |  4.6
Stealth        | 5 6 7 |  7.1
Hexes          | 5 |  5.9
Spellcasting   | 3 |  3.2
Unarmed Combat | |  1.0

Action                   |  1- 3 |  4- 6 || total
-------------------------+-------+-------++-------
Melee: Unarmed           |    93 |    52 ||   145
       Bite              |     6 |     6 ||    12
 Cast: Corona            |     6 |       ||     6
       Ensorcelled Hiber |    17 |    19 ||    36
       Confuse           |       |     2 ||     2
  Use: Scroll            |       |     5 ||     5
 Stab: Sleeping          |    20 |    16 ||    36
  Eat: Chunk             |    11 |     4 ||    15
Armor: Skin              |     9 |       ||     9
Dodge: Dodged            |    76 |    42 ||   118
